 Seeded DCSS version 0.29.1-15-g9cfb28693d (webtiles) character file.

Game seed: 1 (custom seed)

51 Kazon the Trooper (level 3, -2/30 HPs)
             Began as a Merfolk Fighter on Apr 18, 2023.
             Slain by a gnoll
             ... wielding a +0 spear
              (3 damage)
             ... on level 2 of the Dungeon.
             The game lasted 00:04:51 (1057 turns).

Kazon the Trooper (Merfolk Fighter)                 Turns: 1057, Time: 00:04:51

Health: -2/30      AC: 10    Str: 16    XL:     3   Next: 83%
Magic:  3/3        EV:  9    Int:  9    God:
Gold:   154        SH: 10    Dex: 19    Spells: 2/2 levels left

rFire   . . .      SeeInvis .   a - +0 long sword
rCold   . . .      Faith    .   c - +0 buckler
rNeg    . . .      Spirit   .   l - +0 scale mail
rPois   .          Reflect  +   k - +0 helmet
rElec   .          Harm     .   (no cloak)
rCorr   .          Rampage  .   (no gloves)
Will    .....                   m - +2 pair of boots
Stlth   ..........              f - amulet "Naku" {Reflect Dex+6 SH+5}
HPRegen 0.10/turn               (no ring)
MPRegen 0.08/turn               (no ring)

@: no status effects
A: (nimble swimmer 2), mertail
a: no special abilities


You were on level 2 of the Dungeon.
You visited 1 branch of the dungeon, and saw 2 of its levels.

You collected 154 gold pieces.

Inventory:

Hand Weapons
 a - a +0 long sword (weapon)
Missiles
 j - 9 stones (quivered)
 o - 3 boomerangs
Armour
 c - a +0 buckler (worn)
 k - a +0 helmet (worn)
 l - a +0 scale mail (worn)
 m - a +2 pair of boots (worn)
Jewellery
 f - the amulet "Naku" (around neck) {Reflect Dex+6 SH+5}
   (You acquired it on level 1 of the Dungeon)

   [amulet of reflection]

   It reflects blocked missile attacks.
   Dex:       It affects your dexterity (+6).
   SH:        It affects your SH (+5).
Scrolls
 i - a scroll of identify {unknown}
 n - a scroll of immolation {unknown}
Potions
 b - a potion of berserk rage {unknown}
 d - a potion of might
 e - a potion of haste {unknown}
 g - a potion of flight {unknown}
 h - a potion of attraction {unknown}


   Skills:
 + Level 3.9 Fighting
 + Level 2.7 Long Blades
 + Level 2.4 Armour
 + Level 0.5 Dodging
 + Level 3.7 Shields


You had 2 spell levels left.
You didn't know any spells.
Your spell library contained the following spells:

 Spells                   Type           Power      Damage    Failure   Level
 Apportation              Tloc           0%         N/A       88%         1
 Necrotise                Necr           0%         1d4       88%         1
 Summon Small Mammal      Summ           0%         N/A       88%         1


Dungeon Overview and Level Annotations

Branches:
Dungeon (2/15)

Altars:


Innate Abilities, Weirdness & Mutations

((You are very nimble when in or above water. (Stealth+, EV+, Speed+++)))
Your lower body shifts to a powerful aquatic tail in water.


Message History

You kill the ball python!
You see here a ball python corpse. 2 gnolls come into view.
The gnoll shouts! x2
The gnoll throws a throwing net.
You reflect the throwing net off an invisible shield around you!
The throwing net closely misses the gnoll.
You block the gnoll's attack.
You barely miss the gnoll. You block the gnoll's attack.
The gnoll barely misses you.
You closely miss the gnoll. You block the gnoll's attack.
The gnoll closely misses you.
The gnoll hits you from afar with a +0 spear.
The gnoll hits you with a +0 halberd!
You barely miss the gnoll. The gnoll hits you but does no damage.
The gnoll hits you from afar with a +0 spear.
You hit the gnoll.
The gnoll is moderately wounded.
You block the gnoll's attack. x2
You closely miss the gnoll.
The gnoll is moderately wounded.
The gnoll barely misses you.
The gnoll hits you from afar with a +0 spear.
* * * LOW HITPOINT WARNING * * *
You block the gnoll's attack. x2
You hit the gnoll.
The gnoll is severely wounded.
You block the gnoll's attack.
The gnoll hits you from afar with a +0 spear.
* * * LOW HITPOINT WARNING * * *
You hit the gnoll.
The gnoll is almost dead.
The gnoll hits you with a +0 halberd.
* * * LOW HITPOINT WARNING * * *
You block the gnoll's attack.
You hit the gnoll but do no damage.
The gnoll is almost dead.
You block the gnoll's attack. x2
The gnoll hits you from afar with a +0 spear.
You die...

.###..# #.# ##.#..######
#.# ...........####.#
##..............#
###..####.#################
#..####............†....#
#.........†......######.#
#..#############.## #)#
##.# #.....@gg..#.......#
#.# #.#######..#.###.#.#
#.# #..# #.#.# #.# #..# #.S
# #.# #..g...##. #####.#
#......# . ......#
........#.. #######
##.......# ........#


You could see 2 gnolls.

Vanquished Creatures
  2 adders (D:2)
  A worm (D:2)
  6 endoplasms
  A giant cockroach (D:1)
  5 goblins
  3 hobgoblins
  A kobold (D:1)
  A quokka (D:1)
  2 ball pythons (D:2)
  2 bats
  2 frilled lizards (D:2)
  3 rats (D:1)
29 creatures vanquished.

Notes
Turn   | Place    | Note
-------+----------+-------------------------------------------
     0 | D:1      | Kazon the Merfolk Fighter began the quest for the Orb.
     0 | D:1      | Reached XP level 1. HP: 18/18 MP: 1/1
    35 | D:1      | Identified a scroll of acquirement
    35 | D:1      | Acquired the amulet "Naku" {Reflect Dex+6 SH+5}
   116 | D:1      | Reached XP level 2. HP: 24/24 MP: 2/2
   646 | D:2      | Reached XP level 3. HP: 28/30 MP: 3/3
  1056 | D:2      | HP: 1/30 [gnoll/+0 halberd (3)]
  1057 | D:2      | Slain by a gnoll

Illustrated notes

Levels and vault maps discovered:
D:1:      dpeg_arrival_three_smaller_balls, layout_basic
D:2:      layout_loops_ring

Action                   || total
-------------------------++-------
Melee: Long sword        ||    98
Throw: Stone             ||     3
  Use: Scroll            ||     1
Armor: Scale mail        ||    38
Dodge: Dodged            ||    32
Block: Buckler           ||    61
       Reflection        ||     2
